 Dungeon Crawl Stone Soup version 0.17.0-24-gcfadda4 (console) character file.

0 gw the Magician (level 1, 0/7 HPs)
             Began as a Felid Wizard on Nov 18, 2015.
             Slain by a ball python (1 damage)
             ... on level 1 of the Dungeon.
             The game lasted 00:00:06 (51 turns).

gw the Magician (Felid Wizard)                        Turns: 51, Time: 00:00:06

Health: 0/7        AC:  1    Str:  3    XL:     1   Next: 8%
Magic:  0/5        EV: 14    Int: 19    God:
Gold:   0          SH:  0    Dex: 14    Spells: 1 memorised, 5 levels left
                                        Lives:  0   Deaths: 0

rFire  . . .     SeeInvis +     (weapon unavailable)
rCold  . . .     Clarity  .     (armour unavailable)
rNeg   . . .     SustAt   .     (shield unavailable)
rPois  .         Gourm    .     (helmet unavailable)
rElec  .         Spirit   .     (cloak unavailable)
rCorr  .         Warding  .     (gloves unavailable)
rMut   .         Stasis   .     (boots unavailable)
MR     .....                    (no amulet)
Stlth  +.........               (no ring)
                                (no ring)

@: very slightly contaminated, constricted, quick, not resistant to hostile
enchantments, very unstealthy
A: no armour, no weapons or thrown items, claws 1, fangs 3, see invisible,
carnivore 3, speed 1, shaggy fur 1, slow metabolism 1, sharp paws
a: no special abilities


You were on level 1 of the Dungeon.
You were not hungry.

You visited 1 branch of the dungeon, and saw 1 of its levels.

Inventory:

Books
 a - a book of Minor Magic

   Spells                             Type                      Level
   a - Magic Dart                     Conjuration                  1
   b - Blink                          Translocation                2
   c - Call Imp                       Summoning                    2
   d - Repel Missiles                 Charms/Air                   2
   e - Slow                           Hexes                        2
   f - Conjure Flame                  Conjuration/Fire             3
   g - Mephitic Cloud                 Conjuration/Poison/Air       3
Comestibles
 b - 2 meat rations


   Skills:
 + Level 0.0 Fighting
 + Level 2.8 Dodging
 - Level 2.6 Stealth
 + Level 0.0 Unarmed Combat
 + Level 3.0 Spellcasting
 - Level 0.8 Conjurations
   Level 1.0 Summonings
   Level 1.5 Translocations


You had 5 spell levels left.
You knew the following spells:

 Your Spells              Type           Power        Failure   Level  Hunger
a - Magic Dart            Conj           #...         12%         1    None


Dungeon Overview and Level Annotations

Branches:
Dungeon (1/15)

Altars:


Innate Abilities, Weirdness & Mutations

You cannot wear armour.
You are incapable of wielding weapons or throwing items.
You have sharp claws.
You have razor-sharp teeth.
You have supernaturally acute eyesight.
You are carnivorous and can eat meat at any time.
You cover ground quickly.
You are covered in fur (AC +1).
You have a slow metabolism.
Your sharp claws are effective at attacking unaware monsters.


Message History

ATTACK MOVE TO (-1,1)
The goblin shouts!
You scratch the jackal but do no damage.
The jackal is moderately wounded.
The bat completely misses you. The jackal misses you.
The ball python closely misses you. The ball python completely misses you.
The jackal closely misses you.
ATTACK MOVE TO (-1,1)
You scratch the jackal but do no damage.
The jackal is lightly wounded.
The bat completely misses you. The ball python completely misses you.
The ball python grabs you. The ball python constricts you.
The jackal misses you.
A goblin comes into view. It is wielding a club.
ATTACK MOVE TO (-1,1)
You closely miss the jackal.
The jackal is lightly wounded.
The jackal bites you. x2
The ball python completely misses you.
You die...

## ### ### ##.#
..## #######..
..~.###.###.#.#..#
.~.....~.....#..###
~~.....~~~~g##....#
~..~.~.~~~~h(..~.#
~.~~~~~.~~hhS~~..#
.~~~~~~~.~~bh~~.##
..~~~~.<.~~~~..##
~~~~~~...~~~~~..g#
..~~~~~.~~~~~~g.#..
#.~.~~~~.~~.~~...##
....~~~~~..~...###
.~~.......##..#.


You could see 3 jackals, 3 goblins, a bat and a ball python.

Table legend:
 A = Turns spent in this place as a percentage of turns spent in the entire game.
 B = Non-inter-level travel turns spent in this place as a percentage of non-inter-level travel turns spent in the entire game.
 C = Inter-level travel turns spent in this place as a percentage of turns spent in this place.
 D = Turns resting spent in this place as a percentage of non-inter-level travel turns spent in this place.
 E = Turns spent auto-exploring this place as a percentage of non-inter-level travel turns spent in this place.
 F = Non-inter-level travel turns spent in this place divided by the number of levels of this place that you've seen.
                   A       B       C       D       E      F
               +-------+-------+-------+-------+-------+----------------------
         Total | 100.0 | 100.0 |   0.0 |   1.7 |   2.6 | 117.0
       Dungeon | 100.0 | 100.0 |   0.0 |   1.7 |   2.6 | 117.0
               +-------+-------+-------+-------+-------+----------------------

Table legend:
 A = Kills in this place as a percentage of kills in entire the game.
 B = Kills by you in this place as a percentage of kills by you in the entire game.
 C = Kills by friends in this place as a percentage of kills by friends in the entire game.
 D = Other kills in this place as a percentage of other kills in the entire game.
 E = Experience gained in this place as a percentage of experience gained in the entire game.
 F = Experience gained in this place divided by the number of levels of this place that you have seen.
                   A       B       C       D       E      F
               +-------+-------+-------+-------+-------+----------------------
         Total | 100.0 | 100.0 |  -nan |  -nan | 100.0 |   1.0
       Dungeon | 100.0 | 100.0 |  -nan |  -nan | 100.0 |   1.0
               +-------+-------+-------+-------+-------+----------------------

Vanquished Creatures
  A rat (D:1)
1 creature vanquished.

Notes
Turn   | Place    | Note
--------------------------------------------------------------
     0 | D:1      | gw the Felid Wizard began the quest for the Orb.
     0 | D:1      | Reached XP level 1. HP: 7/7 MP: 5/5
    51 | D:1      | Slain by a ball python

Action                   || total
-------------------------++-------
Melee: Unarmed           ||     3
 Cast: Magic Dart        ||     7

Vault maps used:
D:1:      dpeg_arrival_subterranean_lakeside_camping, hangedman_decor_lopped
